 Dungeon Crawl Stone Soup version 0.23.2-1-ga50397a6bc (webtiles) character file.

Game seed: 4948704215077312513

131 DMChimiboy the Skirmisher (level 4, -8/42 HPs)
             Began as a Draconian Berserker on May 31, 2019.
             Was a Believer of Trog.
             Killed by divine providence
             ... invoked by an orc priest
              (12 damage)
             ... on level 3 of the Dungeon on June 1, 2019.
             The game lasted 00:33:42 (2276 turns).

DMChimiboy the Skirmisher (Draconian Berserker)     Turns: 2276, Time: 00:33:43

Health: -8/42      AC:  5    Str: 21    XL:     4   Next: 91%
Magic:  4/4        EV: 12    Int:  7    God:    Trog [**....]
Gold:   93         SH:  0    Dex: 10    Spells: 3/3 levels left

rFire    . . .     SeeInvis .   a - +0 falchion
rCold    . . .     Gourm    .   (no shield)
rNeg     . . .     Faith    .   (armour unavailable)
rPois    .         Spirit   .   (helmet restricted)
rElec    .         Reflect  .   (no cloak)
rCorr    .         Harm     .   (no gloves)
MR       .....                  (no boots)
Stlth    +.........             (no amulet)
HPRegen  0.14/turn              c - ring of flight
MPRegen  0.09/turn              (no ring)

@: no status effects
A: unfitting armour, cold-blooded, AC +5
a: Berserk, Trog's Hand, Renounce Religion, Evoke Flight


You were on level 3 of the Dungeon.
You worshipped Trog.
Trog was pleased with you.
You were hungry.

You visited 1 branch of the dungeon, and saw 3 of its levels.

You collected 93 gold pieces.

Inventory:

Hand Weapons
 a - a +0 falchion (weapon)
Missiles
 e - 6 javelins (quivered)
Jewellery
 c - a ring of flight (left hand)
Scrolls
 d - 2 scrolls of teleportation
 j - a scroll of magic mapping
Potions
 f - 2 potions of flight {unknown}
 h - a potion of invisibility {unknown}
Comestibles
 b - 8 rations
 g - a chunk of flesh


   Skills:
 * Level 5.4 Fighting
 + Level 4.0 Long Blades
 - Level 2.6 Dodging


You had 3 spell levels left.
You didn't know any spells.
Your spell library was empty.

Dungeon Overview and Level Annotations

Branches:
Dungeon (3/15)

Altars:
Xom


Innate Abilities, Weirdness & Mutations

Your plain brown scales are hard. (AC +5)
You cannot fit into any form of body armour.
You are cold-blooded and may be slowed by cold attacks.


Message History

You hit the orc but do no damage. The orc hits you with a +0 short sword.
You barely miss the orc.
The orc wizard mumbles some strange words.
The orc wizard flickers and vanishes!
Deactivating autopickup; reactivate with Ctrl-A.
The orc hits you but does no damage.
The orc priest looks braver for a moment.
The orc priest closely misses you.
You see here a rat skeleton.
The orc priest begins to cast a cantrip, but forgets the words!
The orc priest looks encouraged for a moment.
The orc priest calls down the wrath of Beogh upon you.
Beogh smites you!
The orc priest looks encouraged for a moment.
The orc priest mumbles some strange prayers to Beogh against you.
Pain shoots through your body!
* * * LOW HITPOINT WARNING * * *
The orc priest calls down the wrath of Beogh upon you.
Beogh smites you!
You die...

#.####. #....# ### #o# #. #.....
..# #.# #. #....# #.# #o# #.
#....# #.# #.# #. ##..# .
#...####.#####o####. #+##...# ...
+..........o........
.......#.....###..##o.####.#####.
#......#....>...@......o.....
#......#.######...##.......###
#......#.######..)###.#..###
#.....................(..#
#....†...#######..#####..#
#........#######...........
#..............(..###......
#.............#.### .....
##...##.(####..(#


You could see an orc priest and an orc.

Vanquished Creatures
  3 gnolls (D:2)
  3 adders (D:2)
  An ooze (D:2)
  2 worms (D:2)
  2 dart slugs (D:2)
  A leopard gecko (D:1)
  An orc (D:3)
  A ball python (D:3)
  6 bats
  2 giant cockroaches
  6 hobgoblins
  5 jackals (D:1)
  A quokka (D:2)
  5 frilled lizards
  5 goblins
  10 kobolds
  8 rats
62 creatures vanquished.

Notes
Turn   | Place    | Note
-------+----------+-------------------------------------------
     0 | D:1      | DMChimiboy the Draconian Berserker began the quest for the
                  | Orb.
     0 | D:1      | Reached XP level 1. HP: 19/19 MP: 1/1
   181 | D:1      | Reached XP level 2. HP: 24/27 MP: 2/2
   269 | D:1      | Reached skill level 4 in Fighting
   774 | D:1      | Reached XP level 3. HP: 33/33 MP: 3/3
  1038 | D:2      | Reached ** piety under Trog
  1207 | D:2      | Reached XP level 4. HP: 41/41 MP: 4/4
  1240 | D:2      | Reached skill level 5 in Fighting
  2103 | D:3      | Found a hide-covered altar of Uskayaw.
  2105 | D:3      | Found a shimmering altar of Xom.
  2105 | D:3      | Found a bloodstained altar of Trog.
  2109 | D:3      | Found a sparkling altar of Nemelex Xobeh.
  2109 | D:3      | Found a shadowy altar of Dithmenos.
  2109 | D:3      | Found a hazy altar of Hepliaklqana.
  2266 | D:3      | HP: 2/42 [orc priest/nerve-wracking pain (12)]
  2276 | D:3      | Killed from afar by an orc priest

Skill      XL: |  1  2  3  4 |
---------------+-------------+-----
Fighting       | 4 5 |  5.4
Long Blades    | 4 |  4.0
Dodging        | |  2.6

Action                   |  1- 3 |  4- 6 || total
-------------------------+-------+-------++-------
Melee: Falchion          |    88 |    70 ||   158
       Tailslap          |    11 |    13 ||    24
 Fire: Hunting sling     |     8 |       ||     8
Throw: Javelin           |       |     3 ||     3
  Use: Scroll            |       |     4 ||     4
 Stab: Sleeping          |       |     1 ||     1
  Eat: Chunk             |     1 |     3 ||     4
Armor: Skin              |    19 |    20 ||    39
Dodge: Dodged            |    66 |    43 ||   109
       Rpst.: Falchion   |    23 |    10 ||    33
